 Dungeon Crawl Stone Soup version 0.30-a0-634-g8abc85282e (webtiles) character file.

Game seed: 12233865046127311760

2730 wormed the Sneak (level 9, -2/123 HPs)
             Began as a Naga Berserker on Jan 14, 2023.
             Was a Priest of Trog.
             Slain by an orc warrior
             ... wielding a +0 trident
              (8 damage)
             ... on level 8 of the Dungeon.
             The game lasted 00:07:02 (4971 turns).

wormed the Sneak (Naga Berserker)                   Turns: 4971, Time: 00:07:03

Health: -2/123     AC: 15    Str: 24    XL:     9   Next: 67%
Magic:  9/9        EV: 13    Int: 13    God:    Trog [***...]
Gold:   122        SH:  0    Dex: 28    Spells: 8/8 levels left

rFire   + + .      SeeInvis +    u - +4 quarterstaff (protect)
rCold   . . .      Faith    .    (shield currently unavailable)
rNeg    . . .      Spirit   .    w - +1 leather armour of Birdsong {rElec Str-3 Int+4 Dex+8 SInv}
rPois   +          Reflect  .    y - +0 helmet
rElec   +          Harm     +    r - +0 cloak
rCorr   +          Rampage  .    (no gloves)
Will    ++...                    (no barding) Stlth
                                 C - amulet "Xihah" {Acrobat Harm Will+ Regen+ rCorr}
HPRegen 1.20/turn                c - +6 ring of strength
MPRegen 0.11/turn                h - ring "Egeiwipt" {rPois rF++ Str+2 Dex+6 Slay+2}

@: berserking (expiring), lethally poisoned (-2 -> -3), marked, under a
protective aura, quick
A: AC +3, large, see invisible, deformed body, poison resistance, slowness 2,
spit poison 1, naga tail 1
a: Spit Poison, Renounce Religion, Berserk, Trog's Hand


You were on level 8 of the Dungeon.
You worshipped Trog.
Trog was most pleased with you.
You visited 1 branch of the dungeon, and saw 7 of its levels.

You collected 798 gold pieces.
You spent 676 gold pieces at shops.

Inventory:

Hand Weapons
 a - a +0 spear
 u - a +4 quarterstaff of protection (weapon)
 B - a +3 spear
Missiles
 g - a throwing net
Armour
 r - a +0 cloak (worn)
 w - the +1 leather armour of Birdsong (worn) {rElec Str-3 Int+4 Dex+8 SInv}
   (You found it on level 3 of the Dungeon)

   Str:       It affects your strength (-3).
   Int:       It affects your intelligence (+4).
   Dex:       It affects your dexterity (+8).
   rElec:     It insulates you from electricity.
   SInv:      It lets you see invisible.
 y - a +0 helmet (worn)
Jewellery
 c - a +6 ring of strength (left hand)
 h - the ring "Egeiwipt" (right hand) {rPois rF++ Str+2 Dex+6 Slay+2}
   (You acquired it on level 2 of the Dungeon)

   [ring of dexterity]

   Str:       It affects your strength (+2).
   Dex:       It affects your dexterity (+6).
   Slay:      It affects your accuracy & damage with ranged weapons and melee
   (+2).
   rF:        It greatly protects you from fire.
   rPois:     It protects you from poison.
 j - a ring of protection from cold
 l - an amulet of guardian spirit
 m - a ring of fire
 n - a ring of willpower
 C - the amulet "Xihah" (around neck) {Acrobat Harm Will+ Regen+ rCorr}
   (You acquired it on level 6 of the Dungeon)

   [amulet of the acrobat]

   It increases your evasion while moving and waiting.
   Regen:     It increases your rate of health regeneration.
   rCorr:     It protects you from acid and corrosion.
   Harm:      It increases damage dealt and taken.
   Will:      It increases your willpower.
Wands
 p - a wand of flame (15)
 A - a wand of polymorph (13)
Scrolls
 o - 3 scrolls of noise {unknown}
 x - 2 scrolls of identify {unknown}
 z - 2 scrolls of fear {unknown}
 D - a scroll of fog {unknown}
 E - a scroll of torment {unknown}
Potions
 b - 2 potions of mutation {unknown}
 d - a potion of attraction {unknown}
 e - 2 potions of flight {unknown}
 f - a potion of invisibility {unknown}
 i - a potion of berserk rage {unknown}
 k - 2 potions of curing {unknown}
 q - a potion of cancellation {unknown}
 s - 2 potions of heal wounds {unknown}
 t - 2 potions of lignification {unknown}
 v - 2 potions of might {unknown}


   Skills:
 + Level 5.7 Fighting
 * Level 7.5 Polearms
 + Level 4.3 Armour
 + Level 4.2 Dodging
 + Level 7.6 Stealth
 + Level 4.2 Shields


You had 8 spell levels left.
You didn't know any spells.
Your spell library was empty.

Dungeon Overview and Level Annotations

Branches:
Dungeon (8/15)
 Temple: D:4-7         Lair: D:8-11

Altars:
Okawaru

Shops:
D:6 ?


Innate Abilities, Weirdness & Mutations

Your serpentine skin is tough. (AC +3)
You have supernaturally acute eyesight. (SInv)
Armour fits poorly on your strangely shaped body.
Your system is resistant to poisons. (rPois)
You cover ground very slowly.
You can spit poison.
You have a snake-like lower body.


Message History

The bullfrog hits you but does no damage.
The bullfrog closely misses you.
You bludgeon the bullfrog!!
You kill the bullfrog!
Trog accepts your kill. The hornet barely misses you. The bullfrog misses you.
The orc warrior hits you from afar with a +0 trident.
* * * LOW HITPOINT WARNING * * *
A white imp comes into view.
You sock the quasit!
The quasit is almost dead.
You feel sick. The hornet closely misses you.
The quasit bites you but does no damage.
The quasit claws you but does no damage.
The quasit closely misses you. The bullfrog barely misses you.
You sock the hornet!
You kill the hornet!
Trog accepts your kill.
You feel sick. The orc warrior completely misses you. The bullfrog hits you.
* * * LOW HITPOINT WARNING * * *
The quasit barely misses you. The quasit misses you.
The quasit closely misses you.
You miss the quasit.
The quasit is almost dead.
You feel sick.
A centaur comes into view.
The bullfrog hits you.
* * * LOW HITPOINT WARNING * * *
The quasit bites you.
* * * LOW HITPOINT WARNING * * *
The quasit claws you but does no damage. x2
A shadow imp comes into view.
The orc warrior barely misses you.
You miss the quasit.
The quasit is almost dead.
The bullfrog hits you but does no damage.
The quasit closely misses you. The quasit barely misses you.
The quasit claws you but does no damage.
The orc warrior hits you from afar with a +0 trident!
You die... #...(.# #..=.. +.$.). .... cY.

###o###
#..)..##
#.@†..##
##F5...##
##.5...## .
##.....# ..
#######5####...
...............
...............
...............
#.............#


You could see an orc warrior, an ice beast, a bullfrog, a centaur, a quasit, a
white imp and a shadow imp.

Vanquished Creatures
  A two-headed ogre (D:8)
  A hornet (D:8)
  Sigmund (D:2)
  A steam dragon (D:8)
  2 water moccasins
  3 ogres
  A kobold brigand (D:6)
  A phantom (D:5)
  A bullfrog (D:8)
  A necrophage (D:5)
  2 scorpions
  4 wights (D:4)
  2 hounds (D:5)
  A jelly (D:5)
  Crazy Yiuf (D:2)
  4 orc priests
  Terence (D:2)
  4 iguanas
  2 orc wizards
  6 gnolls
  9 adders
  A shadow imp (D:6)
  A white imp (D:6)
  2 worms (D:2)
  15 orcs
  7 endoplasms
  3 giant cockroaches
  4 hobgoblins
  15 jackals
  10 kobolds
  4 quokkas
  4 ball pythons
  9 bats
  2 frilled lizards
  7 goblins
  4 rats
  2 bushes (D:2)
139 creatures vanquished.

Notes
Turn   | Place    | Note
-------+----------+-------------------------------------------
     0 | D:1      | wormed the Naga Berserker began the quest for the Orb.
     0 | D:1      | Reached XP level 1. HP: 21/21 MP: 1/1
    74 | D:1      | Reached XP level 2. HP: 5/28 MP: 2/2
   282 | D:1      | Reached skill level 1 in Stealth
   515 | D:1      | Reached XP level 3. HP: 31/34 MP: 3/3
   798 | D:2      | Reached ** piety under Trog
  1104 | D:2      | Reached XP level 4. HP: 36/42 MP: 4/4
  1112 | D:2      | Reached skill level 1 in Shields
  1245 | D:2      | Found a faded altar of an unknown god.
  1394 | D:2      | Noticed Sigmund
  1403 | D:2      | Killed Sigmund
  1404 | D:2      | Reached XP level 5. HP: 50/50 MP: 3/5
  1404 | D:2      | Reached XP level 6. HP: 57/57 MP: 3/6
  1435 | D:2      | Found an iron altar of Okawaru.
  1505 | D:2      | Noticed Terence
  1523 | D:2      | Killed Terence
  2292 | D:2      | Found a runed translucent door.
  2293 | D:2      | Noticed Crazy Yiuf
  2301 | D:2      | Killed Crazy Yiuf
  2391 | D:2      | Identified a scroll of acquirement
  2391 | D:2      | Acquired the ring "Egeiwipt" {rPois rF++ Str+2 Dex+6
                  | Slay+2}
  2647 | D:3      | Identified the +1 leather armour of Birdsong {rElec Str-3
                  | Int+4 Dex+8 SInv}
  2658 | D:3      | Acquired 481 gold pieces
  2903 | D:3      | Reached XP level 7. HP: 35/64 MP: 3/7
  3444 | D:4      | Reached skill level 5 in Polearms
  3707 | D:4      | Reached *** piety under Trog
  4092 | D:5      | Entered Level 5 of the Dungeon
  4095 | D:5      | Reached skill level 5 in Stealth
  4095 | D:5      | Reached XP level 8. HP: 73/73 MP: 8/8
  4368 | D:5      | Identified the +0 plate armour of the Yeti {-Tele Fly rN++
                  | Dex+4}
  4545 | D:5      | Reached skill level 5 in Fighting
  4635 | D:6      | Found Ukhlicvi's Magic Scroll Boutique.
  4664 | D:6      | Reached XP level 9. HP: 81/81 MP: 6/9
  4688 | D:6      | Bought a scroll of acquirement for 676 gold pieces
  4813 | D:6      | Acquired the amulet "Xihah" {Acrobat Harm Will+ Regen+
                  | rCorr}
  4943 | D:6      | You fall into a shaft and drop 2 floors!
  4950 | D:8      | Noticed a two-headed ogre
  4952 | D:8      | Noticed a hornet
  4958 | D:8      | Killed a two-headed ogre
  4969 | D:8      | Killed a hornet
  4970 | D:8      | HP: 6/123 [bullfrog (3)]
  4971 | D:8      | Slain by an orc warrior

Illustrated notes

Levels and vault maps discovered:
D:1:      tekkud_arrival_beachfront_property, layout_loops_ring
D:2:      layout_loops_ring, basic_altar, hellmonk_ecumenical_altar_crossroads,
          uniq_terence, uniq_crazy_yiuf_cottage, uniq_sigmund
D:3:      layout_basic, minivault_27
D:4:      layout_cave_pools
D:5:      layout_rooms
D:6:      minmay_klotski, layout_cave_pods, mainiacjoe_overflow_boulevard,
          temple_hall, serial_shops, shop_scrolls, minmay_joined_circles,
          uniq_blork_the_orc
D:8:      layout_layer_cave, serial_demonic, serial_demonic_g, serial_demonic_d,
          serial_demonic_c, serial_demonic_e, minmay_quadrilaterals

Skill      XL: |  1  2  3  4  5  6  7  8  9 |
---------------+----------------------------+-----
Stealth        | 1 3 4 5 6 7 |  7.6
Armour         | 2 3 4 |  4.3
Shields        | 1 2 3 4 |  4.2
Polearms       | 4 5 6 7 |  7.5
Dodging        | 2 3 4 |  4.2
Fighting       | 4 5 |  5.7

Action                   |  1- 3 |  4- 6 |  7- 9 || total
-------------------------+-------+-------+-------++-------
Melee: Spear             |   115 |   450 |       ||   565
       Quarterstaff      |       |    39 |   174 ||   213
       Punch             |       |    11 |       ||    11
Invok: Berserk           |     2 |     2 |     4 ||     8
  Use: Scroll            |       |     6 |     1 ||     7
 Stab: Sleeping          |     1 |     2 |    10 ||    13
       Distracted        |       |       |     1 ||     1
Armor: Animal skin       |     5 |       |       ||     5
       Scale mail        |    26 |    46 |       ||    72
       Leather armour    |       |     7 |   100 ||   107
Dodge: Dodged            |    49 |    66 |   172 ||   287

Table legend: (Time is in decaauts)
 A = Elapsed time spent in this place.
 B = Non-inter-level travel time spent in this place.
 C = Inter-level travel time spent in this place.
 D = Time resting spent in this place.
 E = Time spent auto-exploring this place.
 F = Levels seen in this place.
 G = Mean time per level.
                   A        B        C        D        E       F      G
               +--------+--------+--------+--------+--------+-----+--------+
         Total |   6144 |   5951 |    193 |    154 |   4380 |   7 |  877.7 |
       Dungeon |   6144 |   5951 |    193 |    154 |   4380 |   7 |  877.7 |
               +--------+--------+--------+--------+--------+-----+--------+

Top non-repeatable levels by time:
     D:2: 1726 daAuts
     D:3: 1500 daAuts
     D:1: 1099 daAuts
     D:4: 815 daAuts
     D:5: 604 daAuts
     D:6: 370 daAuts
     D:8: 28 daAuts
